Map: [ESL] Crimson Court

Players

HeroMarine - Winner!

  • Race: Terran Terran
  • Spawn Location: 1:00

Astrea

  • Race: Protoss Protoss
  • Spawn Location: 7:00

Event: ESL Spring 2024 Finals

VOD

Have the link to the VOD?

Description

Time

  • Played on: May 31, 2024, 11:30 a.m.
  • Length: 19:55

All games in this series

Show
View Real Time Build Order
Export as new Build Order

HeroMarine Terran - Winner!

Build Orders: Cyclone Opening 

Get SALT Encoding   

  12  0:00  SCV  
  13  0:12  SCV  
  14  0:17  Supply Depot  
  14  0:24  SCV  
  15  0:38  SCV  
  15  0:39  Barracks  
  16  0:43  Refinery  
  16  0:50  SCV  
  16  0:53  Refinery  
  17  1:02  SCV  
  18  1:14  SCV  
  19  1:26  Orbital Command, Reaper  
  20  1:40  Factory  
  20  1:51  Supply Depot  
  20  1:52  SCV  
  21  1:58  Barracks Reactor  
  21  2:04  SCV  
  22  2:16  SCV  
  22  2:21  Command Center  
  23  2:28  SCV  
  24  2:34  Starport  
  24  2:36  Cyclone  
  25  2:38  Marine  
  25  2:40  Marine  
  27  2:44  SCV  
  27  2:49  Supply Depot  
  28  2:56  SCV, Marine  
  28  2:58  Marine  
  31  3:08  SCV  
  31  3:11  Widow Mine  
  33  3:13  Medivac  
  33  3:15  Marine  
  33  3:17  Marine  
  37  3:20  SCV  
  38  3:32  Orbital Command, SCV  
  38  3:33  Factory Tech Lab  
  39  3:35  Marine  
  40  3:41  Cyclone  
  40  3:48  Viking  
  45  3:49  Marine  
  45  3:53  SCV, Marine  
  47  3:58  Supply Depot  
  47  4:02  SCV  
  48  4:05  SCV  
  48  4:08  Marine  
  50  4:10  Marine  
  50  4:14  SCV  
  50  4:17  SCV  
  50  4:19  Starport Tech Lab, Factory Tech Lab  
  51  4:25  Marine  
  51  4:26  SCV  
  51  4:28  Marine  
  51  4:29  SCV  
  50  4:33  Barracks  
  48  4:38  SCV  
  48  4:41  SCV  
  48  4:43  Marine  
  50  4:45  Siege Tank  
  50  4:46  Raven, Marine  
  50  4:50  SCV  
  51  4:53  SCV  
  52  5:01  Marine  
  52  5:02  SCV  
  52  5:04  Marine  
  52  5:05  SCV, Engineering Bay, Barracks  
  55  5:15  SCV  
  55  5:18  SCV, Siege Tank  
  55  5:19  Marine  
  56  5:22  Marine  
  56  5:25  Engineering Bay  
  56  5:26  Refinery  
  56  5:27  SCV  
  58  5:30  SCV  
  58  5:32  Terran Infantry Weapons Level 1, Stimpack  
  58  5:34  Supply Depot, Marine  
  60  5:37  Marine  
  60  5:39  SCV  
  62  5:48  SCV  
  62  5:49  Supply Depot  
  62  5:52  Marine  
  62  5:54  SCV  
  62  5:55  Marauder  
  62  5:59  Starport Reactor  
  62  6:00  SCV  
  62  6:02  Supply Depot  
  62  6:03  Refinery  
  63  6:06  SCV  
  63  6:07  Combat Shield  
  63  6:08  Marauder  
  66  6:11  Factory Reactor  
  66  6:12  Supply Depot, Marine  
  66  6:13  SCV, Marine  
  66  6:17  Marauder  
  71  6:21  SCV  
  71  6:25  SCV  
  73  6:29  Marauder  
  73  6:30  Marine  
  73  6:31  Marine  
  73  6:32  Command Center  
  77  6:37  Medivac x2  
  77  6:38  Marauder  
  83  6:45  Supply Depot  
  83  6:50  Marauder  
  85  6:54  SCV x2  
  85  6:55  Barracks x2  
  85  6:58  Marine x2  
  85  7:00  Marauder  
  91  7:06  SCV x2  
  93  7:12  Marauder  
  93  7:13  Concussive Shells  
  95  7:15  Marine x2  
  95  7:20  Widow Mine x2  
  101  7:24  Marauder, Medivac x2  
  101  7:26  Ghost Academy  
  101  7:27  Terran Infantry Armor Level 1  
  107  7:33  Marauder  
  109  7:37  Marine  
  109  7:43  Marine  
  109  7:44  Widow Mine x2  
  115  7:45  Marauder  
  115  7:46  Orbital Command  
  115  7:47  SCV x2  
  117  7:56  Marine, Marauder  
  119  7:59  Barracks Reactor  
  119  8:00  Barracks Tech Lab  
  119  8:03  SCV x2  
  119  8:04  Marine  
  110  8:13  Orbital Command  
  110  8:14  Marine  
  110  8:15  SCV x2  
  110  8:19  Viking x2  
  118  8:22  Marine  
  118  8:23  Ghost  
  118  8:25  Ghost  
  121  8:27  SCV  
  121  8:28  SCV  
  121  8:29  Marine  
  121  8:32  Widow Mine  
  125  8:37  Widow Mine  
  125  8:40  SCV  
  121  8:42  Supply Depot, SCV  
  121  8:43  Supply Depot  
  121  8:47  Missile Turret  
  122  8:50  SCV  
  122  8:52  SCV  
  122  8:54  SCV  
  125  9:02  Supply Depot  
  125  9:03  Ghost  
  125  9:04  Marauder, Widow Mine x2  
  125  9:05  SCV  
  125  9:07  SCV  
  135  9:11  SCV  
  135  9:14  Supply Depot  
  135  9:15  Supply Depot  
  116  9:26  SCV x3  
  116  9:29  Widow Mine x2, Medivac x2  
  113  9:36  Marauder x2  
  113  9:38  SCV  
  118  9:39  Marine  
  118  9:40  Marine  
  118  9:41  Marine  
  121  9:47  Marauder  
  121  9:51  Widow Mine x2  
  127  9:57  SCV, Marauder x2  
  127  9:58  SCV  
  133  10:01  SCV  
  134  10:09  SCV, Armory  
  134  10:10  SCV  
  134  10:13  SCV, Ghost  
  139  10:18  Ghost  
  139  10:21  SCV  
  142  10:22  SCV  
  142  10:27  SCV  
  118  10:33  SCV  
  118  10:34  Marine  
  118  10:35  Marine x2, Marauder  
  113  10:36  Marine  
  113  10:37  Widow Mine x2  
  113  10:41  Medivac x2  
  113  10:42  Marauder  
  124  10:47  Marine  
  125  10:50  Command Center  
  125  10:52  Marine x2  
  123  11:02  Marauder  
  123  11:03  Marauder  
  125  11:05  Marine x2  
  125  11:06  Marauder  
  125  11:09  Terran Infantry Weapons Level 2  
  125  11:10  Marine x2  
  125  11:11  Widow Mine x2  
  128  11:12  Refinery x2  
  128  11:16  SCV x3  
  128  11:19  Bunker  
  128  11:21  Medivac x2  
  128  11:22  Marine  
  128  11:23  Marauder  
  135  11:26  Marauder  
  135  11:28  Marauder  
  135  11:29  Marine x2, Engineering Bay  
  135  11:30  Marine  
  140  11:40  Marine  
  140  11:43  Widow Mine  
  140  11:44  Marauder, Widow Mine  
  140  11:46  Barracks  
  147  11:47  Marine  
  147  11:48  Marine x2, Marauder  
  147  11:49  Marauder  
  137  12:04  Terran Infantry Armor Level 2  
  137  12:05  Widow Mine  
  137  12:06  Marine x2, Marauder  
  144  12:09  Barracks, Marauder  
  150  12:17  Ghost  
  150  12:18  Marine  
  150  12:19  Marine  
  154  12:23  Planetary Fortress, Marine  
  154  12:24  SCV x2  
  154  12:25  Viking x2  
  154  12:28  SCV  
  154  12:29  Starport  
  156  12:36  SCV x2  
  157  12:39  Ghost, Terran Ship Weapons Level 1  
  157  12:40  SCV  
  160  12:47  Barracks Tech Lab  
  160  12:48  SCV x2  
  162  12:51  Unknown  
  162  12:53  Sensor Tower  
  162  12:55  Viking x2  
  162  12:56  Marine x2  
  162  12:57  Marine x2  
  162  12:58  Barracks Tech Lab  
  170  13:02  Marauder  
  170  13:04  Marine  
  173  13:08  Marine, Viking x2  
  178  13:13  Supply Depot  
  178  13:14  Supply Depot  
  178  13:15  Ghost  
  180  13:23  Missile Turret  
  180  13:34  Marine x2, Viking x2  
  180  13:35  Ghost, Marauder  
  180  13:36  Marine x2, Marauder x2  
  192  13:44  Marauder  
  190  13:55  Viking  
  190  13:56  Marauder, Viking  
  190  14:02  SCV x2  
  196  14:03  Marauder  
  181  14:12  Marine x3, Marauder x3  
  181  14:13  Marine  
  176  14:17  Marine, Viking  
  176  14:18  Viking  
  176  14:24  Ghost  
  181  14:25  Command Center, Viking  
  181  14:29  Medivac  
  181  14:30  Terran Infantry Weapons Level 3  
  187  14:37  Terran Infantry Armor Level 3  
  187  14:38  Ghost  
  187  14:42  Ghost  
  193  14:45  Marauder  
  193  14:47  Marauder, Medivac  
  196  14:53  Marauder  
  185  15:06  Marine  
  183  15:07  Marauder x2, Viking x2  
  183  15:10  Medivac  
  191  15:14  Marauder x2  
  191  15:17  Medivac  
  191  15:19  Missile Turret  
  179  15:37  Viking x2  
  179  15:40  Ghost x2  
  179  15:41  Marine x2, Marauder x2  
  171  15:43  Marine x2  
  171  15:44  Marauder  
  170  15:58  Viking x2  
  170  15:59  Marine x2  
  170  16:00  Terran Ship Weapons Level 2  
  170  16:01  Marine  
  173  16:06  Ghost x2  
  177  16:12  Planetary Fortress  
  177  16:17  Missile Turret  
  177  16:19  Marauder  
  139  16:25  Viking  
  181  16:34  Marauder  
  181  16:36  Missile Turret  
  178  16:43  Marine x2, Marauder  
  178  16:44  Marine, Marauder x3  
  178  16:45  Medivac x2  
  193  16:56  Marauder  
  193  17:01  SCV x2  
  195  17:02  SCV  
  195  17:05  Marauder x2  
  195  17:06  Marauder  
  195  17:08  Marauder  
  174  17:22  Marauder  
  174  17:26  Marauder  
  174  17:27  Marine, Marauder  
  175  17:31  Liberator, Command Center  
  175  17:32  Ghost  
  175  17:35  Marauder  
  182  17:37  Marine x2  
  182  17:39  Viking  
  182  17:42  Medivac  
  182  17:44  Marauder  
  190  17:48  Marauder x2  
  188  18:04  Marauder  
  188  18:06  Marine x2, Marauder  
  188  18:11  Marauder  
  183  18:14  Medivac x2  
  183  18:15  Marine x3  
  183  18:17  Marauder  
  190  18:26  Marauder  
  184  18:28  Marauder  
  184  18:33  Marauder  
  184  18:34  Marauder  
  181  18:37  Ghost  
  183  18:43  Planetary Fortress  
  183  18:46  Ghost  
  176  18:48  Ghost  
  176  18:49  SCV x3  
  176  18:50  SCV  
  182  19:00  Marauder x2  
  182  19:01  SCV  
  179  19:11  Ghost  
  179  19:14  Marine  
  179  19:15  Marine, Ghost  
  185  19:18  Marauder  
  187  19:25  Marauder x2  
  187  19:29  Marine  
  187  19:31  Marine  
Show
View Real Time Build Order
Export as new Build Order

Astrea Protoss 

Build Orders: 1 Gate Expand, Blink Stalkers 

Get SALT Encoding   

  12  0:00  Probe  
  13  0:12  Probe  
  14  0:16  Pylon  
  14  0:24  Probe (Chrono Boost)  
  16  0:36  Gateway, Probe (Chrono Boost)  
  16  0:42  Probe (Chrono Boost)  
  16  0:44  Assimilator  
  17  0:50  Probe  
  18  1:03  Probe  
  19  1:15  Probe  
  20  1:21  Nexus  
  20  1:31  Cybernetics Core  
  20  1:33  Probe  
  20  1:39  Assimilator  
  21  1:45  Probe  
  22  1:48  Pylon  
  22  1:57  Probe (Chrono Boost)  
  23  2:04  Adept (Chrono Boost)  
  23  2:07  Warp Gate  
  25  2:10  Probe (Chrono Boost)  
  25  2:13  Shield Battery  
  26  2:18  Probe (Chrono Boost)  
  26  2:23  Twilight Council  
  26  2:26  Probe  
  27  2:35  Stalker  
  29  2:39  Probe  
  29  2:43  Probe  
  31  2:47  Blink (Chrono Boost)  
  31  2:51  Probe  
  31  2:55  Probe  
  33  3:04  Probe  
  34  3:07  Probe  
  35  3:14  Stalker (Chrono Boost)  
  35  3:16  Probe  
  38  3:20  Probe  
  38  3:26  Gateway  
  37  3:29  Probe  
  37  3:30  Pylon  
  37  3:32  Probe  
  39  3:41  Probe  
  40  3:45  Probe  
  41  3:49  Gateway  
  41  3:50  Robotics Facility  
  41  3:53  Probe  
  42  3:56  Stalker  
  42  3:57  Assimilator, Probe  
  42  3:59  Assimilator  
  45  4:05  Probe  
  46  4:14  Pylon  
  47  4:17  Probe (Chrono Boost)  
  47  4:20  Stalker x2  
  47  4:21  Probe (Chrono Boost)  
  50  4:33  Probe (Chrono Boost)  
  50  4:35  Probe (Chrono Boost)  
  50  4:37  Observer  
  52  4:39  Probe (Chrono Boost)  
  52  4:42  Probe (Chrono Boost)  
  54  4:50  Probe  
  55  4:53  Probe  
  55  4:54  Charge  
  55  4:56  Pylon  
  55  4:59  Templar Archives  
  56  5:06  Nexus  
  56  5:07  Probe  
  56  5:09  Pylon  
  56  5:11  Stalker x2  
  61  5:14  Probe  
  61  5:21  Probe  
  60  5:27  Gateway  
  60  5:28  Gateway  
  60  5:30  Psionic Storm  
  60  5:32  Gateway, Probe  
  61  5:37  Pylon  
  61  5:39  Probe  
  62  5:49  Probe  
  63  5:53  Probe  
  64  6:00  Pylon  
  64  6:01  Probe  
  64  6:03  High Templar x2  
  69  6:05  Probe  
  69  6:09  Forge  
  70  6:13  Probe  
  70  6:17  High Templar, Probe  
  74  6:19  Probe  
  74  6:22  Warp Prism  
  77  6:25  Probe  
  77  6:29  Probe  
  77  6:31  Probe  
  77  6:32  High Templar  
  82  6:33  Zealot x2  
  82  6:37  Protoss Ground Weapons Level 1 (Chrono Boost)  
  82  6:38  Probe  
  87  6:40  Zealot, High Templar  
  87  6:41  Probe  
  87  6:45  Pylon  
  92  6:47  Probe  
  92  6:50  Pylon  
  93  6:58  Zealot x3  
  99  7:06  Pylon  
  99  7:08  Observer  
  98  7:09  Zealot, High Templar  
  98  7:11  Pylon  
  98  7:14  Photon Cannon  
  101  7:21  Pylon  
  101  7:22  Nexus  
  100  7:30  Zealot x4  
  100  7:33  Pylon  
  100  7:35  Unknown  
  108  7:38  Pylon  
  108  7:40  Shield Battery  
  108  7:41  Probe x2  
  108  7:42  Probe  
  104  7:53  Probe (Chrono Boost)  
  104  7:56  High Templar x3  
  104  7:57  Zealot x2, High Templar  
  117  8:00  Probe x2 (Chrono Boost)  
  117  8:03  Archon  
  120  8:05  Probe (Chrono Boost)  
  120  8:09  Probe x2 (Chrono Boost)  
  120  8:11  Probe (Chrono Boost)  
  123  8:14  Shield Battery, Probe x2 (Chrono Boost)  
  123  8:15  Pylon  
  123  8:17  Protoss Ground Weapons Level 2 (Chrono Boost)  
  123  8:19  Probe, Photon Cannon  
  124  8:23  Forge  
  124  8:26  Probe x2  
  127  8:33  Probe  
  124  8:41  Stalker  
  124  8:42  Stalker x5  
  124  8:46  Probe x3  
  139  8:57  Gateway  
  139  8:58  Gateway  
  139  8:59  Archon  
  139  9:00  Protoss Ground Armor Level 1 (Chrono Boost)  
  139  9:03  Gateway  
  139  9:04  Gateway  
  135  9:19  Pylon  
  113  9:25  Zealot x6, Archon  
  113  9:27  Warp Prism (Chrono Boost)  
  111  9:41  Robotics Bay  
  111  9:44  Robotics Facility  
  111  9:46  High Templar  
  111  9:47  Zealot x2, High Templar x3  
  111  9:51  Archon x2  
  111  9:52  Probe x4  
  123  9:55  Warp Prism, Nexus  
  119  10:04  Probe x2  
  119  10:05  High Templar  
  119  10:06  Zealot x3  
  124  10:09  Zealot  
  124  10:10  Zealot  
  128  10:19  Zealot x4  
  136  10:26  Probe x2  
  136  10:27  Probe  
  99  10:31  Unknown  
  89  10:36  Zealot x3, High Templar x2  
  89  10:37  Probe  
  89  10:38  Probe x2  
  89  10:39  Probe  
  89  10:41  Zealot x2  
  105  10:49  Probe  
  106  10:50  Probe x2  
  106  10:51  Probe  
  101  10:57  Stalker x5  
  101  11:03  Zealot x3  
  109  11:09  Stalker x2  
  107  11:14  Colossus (Chrono Boost)  
  113  11:22  Probe x2  
  113  11:23  Zealot x4  
  123  11:28  Zealot x3  
  129  11:33  High Templar  
  129  11:35  Unknown  
  131  11:43  Zealot x2  
  131  11:44  Zealot x4  
  143  11:48  Colossus (Chrono Boost)  
  139  11:58  Extended Thermal Lance (Chrono Boost)  
  137  12:02  Probe x2  
  137  12:05  Unknown  
  137  12:06  Probe x2, Photon Cannon  
  141  12:08  Photon Cannon  
  141  12:09  Shield Battery  
  141  12:14  Zealot x5  
  151  12:15  Colossus  
  157  12:24  Unknown  
  157  12:28  Warp Prism  
  157  12:30  High Templar  
  157  12:32  Probe x5  
  166  12:37  Zealot x5  
  166  12:38  Zealot x2  
  166  12:39  Protoss Ground Armor Level 2 (Chrono Boost)  
  180  12:51  Assimilator x2  
  180  12:54  Photon Cannon  
  180  12:55  High Templar  
  180  12:56  Zealot  
  184  13:00  Nexus  
  184  13:08  Zealot x4  
  184  13:09  Zealot  
  193  13:17  Unknown  
  193  13:20  Protoss Ground Weapons Level 3 (Chrono Boost), Pylon  
  193  13:26  Gateway  
  193  13:28  Gateway  
  193  13:29  Dark Shrine  
  191  13:44  Zealot x4  
  191  13:47  Unknown  
  199  13:50  Pylon  
  199  13:52  Pylon  
  187  13:58  Zealot x4  
  187  13:59  Zealot x2  
  193  14:09  Colossus (Chrono Boost)  
  165  14:10  Colossus (Chrono Boost)  
  145  14:19  Zealot  
  145  14:20  Zealot x9  
  145  14:23  High Templar  
  167  14:35  Pylon  
  167  14:36  High Templar, Photon Cannon  
  169  14:41  Stalker x6  
  169  14:42  Stalker x4  
  173  15:08  Protoss Ground Armor Level 3 (Chrono Boost)  
  173  15:09  Zealot x12  
  173  15:12  Shadow Stride  
  196  15:20  Unknown  
  194  15:30  Archon  
  194  15:32  Zealot x6  
  186  15:43  Disruptor (Chrono Boost)  
  186  15:44  Disruptor (Chrono Boost)  
  186  15:47  Unknown  
  186  15:48  High Templar x3  
  186  15:49  Probe  
  189  15:50  Probe x5  
  189  15:57  Dark Templar  
  195  16:01  Dark Templar  
  195  16:02  Nexus, Probe  
  198  16:10  Observer (Chrono Boost)  
  198  16:11  Zealot, Observer (Chrono Boost)  
  198  16:18  Photon Cannon  
  200  16:21  Photon Cannon  
  200  16:24  Photon Cannon  
  200  16:25  Gravitic Drive, Photon Cannon  
  198  16:39  Robotics Facility  
  196  16:40  Robotics Facility  
  194  16:55  Disruptor (Chrono Boost), Archon  
  194  16:57  Disruptor (Chrono Boost)  
  180  17:11  Assimilator, Pylon  
  180  17:12  Assimilator  
  180  17:14  Zealot x12  
  168  17:22  Gravitic Boosters  
  136  17:27  Disruptor (Chrono Boost)  
  136  17:28  Disruptor (Chrono Boost)  
  140  17:31  Disruptor x2 (Chrono Boost)  
  140  17:33  Probe x5  
  140  17:35  Zealot x12  
  166  17:57  Nexus  
  160  18:02  Zealot x10  
  160  18:03  Zealot x2  
  141  18:20  Nexus  
  111  18:38  Dark Templar x3  
  114  18:41  High Templar x2  
  114  18:47  Pylon  
  93  19:10  Stalker x5  
  93  19:15  Probe x2  
  93  19:25  Probe x2  
  93  19:27  Probe  
  96  19:32  Zealot  
Tags
 
Add a new tag
Caveats
  • Supply blocks, unpowered buildings, or Contaminate may cause inaccurate times.
  • Supply counts are checked every 10 seconds.